 Dungeon Sprint DCSS version 0.31-a0-851-g7ff8af7976 (webtiles) character file.

Game seed: 3101614570658205761

14620 sircluck the Brawler (level 11, -7/181 (195) HPs)
             Began as a Troll Berserker on Oct 5, 2023.
             Was a High Priest of Trog.
             Mangled by a sun demon (14 damage)
             ... summoned by an orc sorcerer
             ... in the Dungeon (Sprint IX: "|||||||||||||||||||||||||||||").
             The game lasted 00:03:18 (1031 turns).

sircluck the Brawler (Troll Berserker)              Turns: 1031, Time: 00:03:19

HP:   -7/181 (195)  AC:  7    Str: 31      XL:     11   Next: 91%
MP:   10/10         EV: 15    Int:  0 (3)  God:    Trog [*****.]
Gold: 1355          SH:  0    Dex: 12      Spells: 10/10 levels left

rFire   . .          .
                       - Unarmed
rCold   . . .        (no shield)
rNeg    . . .        l - +0 troll leather armour
rPois   .            (helmet restricted)
rElec   .            r - +0 cloak
rCorr   .            (gloves unavailable)
SInv    .            (boots unavailable)
Will    .....        (no amulet) Stlth
                     j - +3 ring of dexterity
HPRegen 2.10/turn    q - ring of flight
MPRegen 0.12/turn

%: no teleportation
@: berserking, flying, slowed, lost intelligence, drained, unable to read
A: large, unfitting armour, claws 3, regeneration 1, shaggy fur 1, tough skin 1
a: Renounce Religion, Berserk, Trog's Hand, Brothers in Arms


You were in the Dungeon.
You worshipped Trog.
Trog was extremely pleased with you.
You visited 1 branch You collected 1355 gold pieces.

Inventory:

Armour
 a - a +0 animal skin
 l - a +0 troll leather armour (worn)
 r - a +0 cloak (worn)
Jewellery
 j - a +3 ring of dexterity (left claw)
 k - a +3 ring of intelligence
 q - a ring of flight (right claw)
Wands
 i - a wand of roots (10)
Scrolls
 g - 2 scrolls of blinking
 o - 3 scrolls of identify
 p - 8 scrolls of enchant weapon
Potions
 b - 5 potions of curing
 c - 4 potions of heal wounds
 d - a potion of haste
 e - 4 potions of magic
 f - 3 potions of berserk rage
 h - a potion of invisibility
 m - a potion of might
 n - a potion of mutation


   Skills:
 + Level 14.2 Fighting
 + Level 9.9 Armour
 + Level 14.1 Dodging
 + Level 16.6 Unarmed Combat


You had 10 spell levels left.
You didn't know any spells.
Your spell library was empty.

Dungeon Overview and Level Annotations

Branches:
Dungeon (1/1)

Altars:
Cheibriados
Dithmenos
Elyvilon
Fedhas
Gozag
Hepliaklqana
Kikubaaqudgha
Makhleb
Nemelex Xobeh
Okawaru
Qazlal
Ru
Sif Muna
Trog
Uskayaw
Vehumet
Wu Jian
Xom
Yredelemnul
Zin
The Shining One
Jiyva
Lugonu

Shops:
D [[=[


Innate Abilities, Weirdness & Mutations

You are too large for most types of armour.
You have claws for hands.
Your natural rate of healing is unusually fast.
You are covered in fur. (AC +1)
You have tough skin. (AC +1)


Message History

Your cyclops dies!
Your cyclops's corpse disappears in a puff of smoke!
The sun demon hits you!
You are engulfed in flames!
The orc sorcerer gestures at you while chanting.
The bolt of negative energy misses the sixfirhy.
The bolt of negative energy hits the sun demon.
The sun demon completely resists.
The bolt of negative energy hits you!!
You feel drained.
* * * LOW HITPOINT WARNING * * *
A red film seems to cover your vision as you go berserk!
You feel yourself moving faster!
You feel mighty! The sun demon barely misses you.
An orc sorcerer comes into view. It is wielding a +0 dagger.
The neqoxec gestures at you.
You feel dopey.
You have lost your intelligence.
Something feeds on your intellect!
The orc sorcerer shouts!
The sun demon hits you!
* * * LOW HITPOINT WARNING * * *
You are engulfed in flames!
* * * LOW HITPOINT WARNING * * *
The orc sorcerer casts a spell.
The orc sorcerer casts a spell at you.
The bolt of negative energy misses the sixfirhy.
The bolt of negative energy hits the sun demon.
The sun demon completely resists.
The bolt of negative energy hits you!
You feel drained.
* * * LOW HITPOINT WARNING * * *
You can move again.
Unknown command.
Unknown command.
Unknown command.
Unknown command.
You barely miss the sun demon. The sun demon hits you.
* * * LOW HITPOINT WARNING * * *
You are engulfed in flames!
* * * LOW HITPOINT WARNING * * *
You mangle the sun demon!!
The sun demon is heavily wounded.
The sun demon hits you!
You die...

________________'.?).[[[..†)†....
▓▓▓▓▓▓▓▓▓▓▓▓▓▓▓▓▓▓▓▓▓▓▓▓▓▓▓▓▓▓▓▓▓
.................................
▓▓▓▓▓▓▓▓▓▓▓▓▓▓▓▓▓▓▓▓▓▓▓▓▓▓▓▓▓▓▓▓▓
....)††.†.......†)†........:.'..[
▓▓▓▓▓▓▓▓▓▓▓▓▓▓▓▓▓▓▓▓▓▓▓▓▓▓▓▓▓▓▓▓▓
.................................
▓▓▓▓▓▓▓▓▓▓▓▓▓▓▓▓▓▓▓▓▓▓▓▓▓▓▓▓▓▓▓▓▓
.))))......).).)@33o.33o.∩$∩
▓▓▓▓▓▓▓▓▓▓▓▓▓▓▓▓▓▓▓▓▓▓▓▓▓▓▓▓


You could see a sun demon (summoned), a sixfirhy (summoned), a smoke demon
(summoned), a neqoxec (summoned) and 2 orc sorcerers.

Vanquished Creatures
  2 catoblepae (D)
  Erica (D)
  A death yak (D)
  A deep elf pyromancer (D)
  An ugly thing (D)
  2 orc sorcerers (D)
  2 cane toads (D)
  2 komodo dragons (D)
  A rime drake (D)
  3 trolls (D)
  A meliai (D)
  A blink frog (D)
  A wraith (D)
  A basilisk (D)
  5 yaks (D)
  A water moccasin (D)
  6 orc warriors (D)
  A black bear (D)
  2 centaurs (D)
  A gnoll sergeant (D)
  A bullfrog (D)
  A killer bee (D)
  3 orc priests (D)
  5 orc wizards (D)
  A sleepcap (D)
  8 orcs (D)
  2 bats (D)
  An endoplasm (D)
  A frilled lizard (D)
  A kobold (D)
60 creatures vanquished.

Vanquished Creatures (collateral kills)
  2 death yaks (D)
  A boulder beetle (D)
  2 orc knights (D)
  3 orc sorcerers (D)
  An elephant (D)
  A cane toad (D)
  A komodo dragon (D)
  A yak (D)
  A wyvern (D)
  A water moccasin (D)
  3 orc warriors (D)
  A bullfrog (D)
  2 orc wizards (D)
20 creatures vanquished.

Vanquished Creatures (others)
  A catoblepas (D)
1 creature vanquished.

Grand Total: 81 creatures vanquished

Notes
Turn   | Place    | Note
-------+----------+-------------------------------------------
     0 | D        | sircluck the Troll Berserker began the quest for the Orb.
     0 | D        | Reached XP level 1. HP: 22/22 MP: 0/0
    17 | D        | Reached ** piety under Trog
    32 | D        | Noticed a black bear
    32 | D        | Noticed a centaur
    32 | D        | Noticed a sleepcap
    35 | D        | Reached *** piety under Trog
    36 | D        | Reached XP level 2. HP: 29/31 MP: 1/1
    38 | D        | Killed a black bear
    39 | D        | Reached skill level 5 in Unarmed Combat
    39 | D        | Reached XP level 3. HP: 41/41 MP: 2/2
    39 | D        | Reached XP level 4. HP: 49/49 MP: 3/3
    39 | D        | Killed a centaur
    40 | D        | Reached skill level 5 in Fighting
    40 | D        | Reached skill level 5 in Dodging
    40 | D        | Reached skill level 6 in Unarmed Combat
    40 | D        | Reached XP level 5. HP: 59/59 MP: 4/4
    43 | D        | Reached skill level 7 in Unarmed Combat
   191 | D        | Found a snail-covered altar of Cheibriados.
   191 | D        | Found a shadowy altar of Dithmenos.
   191 | D        | Found a white marble altar of Elyvilon.
   191 | D        | Found a blossoming altar of Fedhas.
   191 | D        | Found an opulent altar of Gozag.
   192 | D        | Found a hazy altar of Hepliaklqana.
   193 | D        | Found a viscous altar of Jiyva.
   194 | D        | Found an ancient bone altar of Kikubaaqudgha.
   195 | D        | Found a corrupted altar of Lugonu.
   196 | D        | Found a burning altar of Makhleb.
   197 | D        | Found a sparkling altar of Nemelex Xobeh.
   198 | D        | Found an iron altar of Okawaru.
   199 | D        | Found a stormy altar of Qazlal.
   200 | D        | Found a sacrificial altar of Ru.
   201 | D        | Found a shimmering blue altar of Sif Muna.
   202 | D        | Found a bloodstained altar of Trog.
   203 | D        | Found a hide-covered altar of Uskayaw.
   204 | D        | Found a radiant altar of Vehumet.
   205 | D        | Found an ornate altar of the Wu Jian Council.
   206 | D        | Found a shimmering altar of Xom.
   207 | D        | Found a basalt altar of Yredelemnul.
   208 | D        | Found a glowing silver altar of Zin.
   209 | D        | Found a glowing golden altar of the Shining One.
   234 | D        | Noticed a yak
   234 | D        | Noticed a yak
   234 | D        | Noticed a troll
   234 | D        | Noticed a centaur
   234 | D        | Noticed a troll
   239 | D        | Killed a yak
   239 | D        | Reached **** piety under Trog
   240 | D        | Reached skill level 8 in Unarmed Combat
   240 | D        | Reached XP level 6. HP: 71/71 MP: 5/5
   242 | D        | Killed a yak
   243 | D        | Reached skill level 9 in Unarmed Combat
   244 | D        | Killed a troll
   245 | D        | Reached XP level 7. HP: 81/81 MP: 6/6
   252 | D        | Reached skill level 10 in Unarmed Combat
   255 | D        | Reached ***** piety under Trog
   259 | D        | Killed a troll
   260 | D        | Reached XP level 8. HP: 25/92 MP: 7/7
   299 | D        | Noticed a deep elf pyromancer
   299 | D        | Noticed a meliai
   299 | D        | Noticed a troll
   299 | D        | Noticed a brown ugly thing
   303 | D        | Killed a deep elf pyromancer
   304 | D        | Reached skill level 11 in Unarmed Combat
   306 | D        | Reached skill level 10 in Fighting
   309 | D        | Received a gift from Trog
   313 | D        | Killed a meliai
   314 | D        | Reached skill level 10 in Dodging
   314 | D        | Reached skill level 12 in Unarmed Combat
   315 | D        | Killed a troll
   316 | D        | Reached XP level 9. HP: 92/102 MP: 8/8
   321 | D        | Killed a brown ugly thing
   474 | D        | Noticed a cane toad
   474 | D        | Noticed a komodo dragon
   474 | D        | Noticed a komodo dragon
   480 | D        | Killed a cane toad
   481 | D        | Noticed a cane toad
   481 | D        | Noticed a rime drake
   495 | D        | Killed a komodo dragon
   496 | D        | Reached skill level 13 in Unarmed Combat
   497 | D        | Received a gift from Trog
   502 | D        | Killed a komodo dragon
   506 | D        | Killed a cane toad
   507 | D        | Reached XP level 10. HP: 32/114 MP: 9/9
   517 | D        | Reached skill level 5 in Armour
   575 | D        | Noticed a cane toad
   575 | D        | Noticed a death yak
   579 | D        | Killed a cane toad
   580 | D        | Identified the +2 executioner's axe of the Bruised Hells
                  | {flame, Dex+6} (Trog gifted it to you in the Dungeon)
   580 | D        | Received a gift from Trog
   582 | D        | Noticed a boulder beetle
   584 | D        | Killed a death yak
   585 | D        | Reached skill level 14 in Unarmed Combat
   585 | D        | Noticed an elephant
   588 | D        | Killed a boulder beetle
   590 | D        | Killed an elephant
   591 | D        | Received a gift from Trog
   603 | D        | Noticed a death yak
   603 | D        | Noticed a catoblepas
   603 | D        | Noticed a death yak
   605 | D        | Killed a death yak
   611 | D        | Noticed a catoblepas
   621 | D        | Noticed a catoblepas
   623 | D        | Killed a catoblepas
   624 | D        | Reached skill level 15 in Unarmed Combat
   624 | D        | Reached XP level 11. HP: 126/126 MP: 10/10
   627 | D        | Killed a death yak
   631 | D        | Killed a catoblepas
   641 | D        | Killed a catoblepas
   654 | D        | Received a gift from Trog
   654 | D        | Reached ****** piety under Trog
   779 | D        | Noticed Erica
   786 | D        | Killed Erica
   848 | D        | Received a gift from Trog
   867 | D        | Noticed an orc knight
   867 | D        | Noticed an orc knight
   873 | D        | Killed an orc knight
   875 | D        | Killed an orc knight
   876 | D        | Reached skill level 16 in Unarmed Combat
   889 | D        | Received a gift from Trog
   890 | D        | Noticed an orc sorcerer
   906 | D        | Killed an orc sorcerer
   996 | D        | Found Tyufeiw's Antique Armour Emporium.
   996 | D        | Noticed an orc sorcerer
   996 | D        | Noticed an orc sorcerer
   996 | D        | Noticed an orc sorcerer
   999 | D        | Killed an orc sorcerer
   999 | D        | Received a gift from Trog
  1002 | D        | Killed an orc sorcerer
  1003 | D        | Killed an orc sorcerer
  1003 | D        | Received a gift from Trog
  1004 | D        | Noticed an orc sorcerer
  1006 | D        | Found Upnap's Antique Armour Shoppe.
  1012 | D        | Killed an orc sorcerer
  1013 | D        | Found Ysaoppu's Jewellery Emporium.
  1018 | D        | Noticed an orc sorcerer
  1019 | D        | Noticed a sun demon
  1019 | D        | Found Gajysot's Armour Shoppe.
  1024 | D        | Noticed a sixfirhy
  1028 | D        | Noticed an orc sorcerer
  1028 | D        | Lost intelligence.
  1030 | D        | HP: 5/181 [sun demon[an orc sorcerer] (10)]
  1031 | D        | Mangled by a sun demon

Illustrated notes

Levels and vault maps discovered:
D:        linesprint [early_d, line_temple, items_1, d_10, items_2, lair_1,
          lair_end, items_3, orc_1, orc_end, items_4, d_15, swamp_1, shoals_1,
          snake_1, spider_1, d_20, vaults_1, items_5, swamp_end, shoals_end,
          snake_end, spider_end, vaults_end, d_27, items_6, zot_1, zot_end,
          crypt_end, forest_end, elf_end, slime_end, tomb_end, abyss_end,
          pan_hell_end]

Skill      XL: |  1  2  3  4  5  6  7  8  9 10 11 |
---------------+----------------------------------+-----
Fighting       | 3 4 5 7 8 9 10 11 12 14 | 14.2
Dodging        | 3 4 5 6 8 9 10 11 12 14 | 14.1
Unarmed Combat | 5 6 8 9 10 12 13 15 16 | 16.6
Armour         | 4 7 9 |  9.9

Action                     |  1- 3 |  4- 6 |  7- 9 | 10-12 || total
---------------------------+-------+-------+-------+-------++-------
  Melee: Unarmed           |    27 |    12 |    62 |   108 ||   209
         Punch             |     1 |     2 |     3 |     8 ||    14
 Invoke: Berserk           |     1 |     1 |     1 |     2 ||     5
         Brothers in Arms  |       |       |       |     4 ||     4
 Armour: Animal skin       |    13 |     4 |    24 |       ||    41
         Troll leather arm |       |       |    13 |    58 ||    71
  Dodge: Dodged            |    15 |     2 |    22 |    34 ||    73

Table legend: (Time is in decaauts)
 A = Elapsed time spent in this place.
 B = Non-inter-level travel time spent in this place.
 C = Inter-level travel time spent in this place.
 D = Time resting spent in this place.
 E = Time spent auto-exploring this place.
 F = Levels seen in this place.
 G = Mean time per level.
                   A        B        C        D        E       F      G
               +--------+--------+--------+--------+--------+-----+--------+
         Total |   1012 |   1012 |      0 |    283 |    174 |   1 | 1012.0 |
       Dungeon |   1012 |   1012 |      0 |    283 |    174 |   1 | 1012.0 |
               +--------+--------+--------+--------+--------+-----+--------+

Top non-repeatable levels by time:
       D: 1012 daAuts
